 Dungeon Crawl Stone Soup version 0.30-a0-364-gf6b3ef1049 (webtiles) character file.

Game seed: 11859045540162849039

7148 Manisia the Severer (level 11, -8/118 HPs)
             Began as a Human Wanderer on Nov 15, 2022.
             Was a Believer of Qazlal.
             Mangled by Urug
             ... wielding a +6 eveningstar
              (25 damage)
             ... on level 10 of the Dungeon.
             The game lasted 00:12:53 (7770 turns).

Manisia the Severer (Human Wanderer)                Turns: 7770, Time: 00:12:54

Health: -8/118     AC: 25    Str: 19    XL:     11   Next: 31%
Magic:  11/11      EV:  2    Int: 10    God:    Qazlal [**....]
Gold:   585        SH:  2    Dex: 13    Spells: 10/10 levels left

rFire   . . .      SeeInvis .    a - +2 war axe (freeze)
rCold   . . .      Faith    +    (no shield)
rNeg    + . .      Spirit   .    (body armour currently unavailable)
rPois   +          Reflect  .    (helmet currently unavailable)
rElec   .          Harm     .    (cloak currently unavailable)
rCorr   .          Rampage  .    (gloves currently unavailable)
Will    .....      NoTele   +    (boots currently unavailable)
Stlth   +.........               D - amulet of faith
HPRegen 0.39/turn                C - +4 ring of evasion
MPRegen 0.12/turn                w - ring of positive energy

@: tree-form
A: stationary, stasis, torment immunity, boosted hp
a: Renounce Religion, Upheaval


You were on level 10 of the Dungeon.
You worshipped Qazlal.
Qazlal was pleased with you.
You were a tree.
You visited 2 branches of the dungeon, and saw 12 of its levels.

You collected 585 gold pieces.

Inventory:

Hand Weapons
 a - a +2 war axe of freezing (weapon)
Missiles
 h - 78 stones (quivered)
 j - 30 poisoned darts
 p - a throwing net
Armour
 b - a +0 chain mail
 e - a +1 leather armour
 n - the +6 chain mail of Darkness (melded) {+Blink rPois MP+9 Dex-5}
   (You found it on level 5 of the Dungeon)

   Dex:       It affects your dexterity (-5).
   rPois:     It protects you from poison.
   MP:        It affects your magic capacity (+9).
   +Blink:    It lets you blink.
 E - a +0 pair of gloves (melded)
Jewellery
 w - a ring of positive energy (right branch)
 C - a +4 ring of evasion (left branch)
 D - an amulet of faith (around neck)
Wands
 m - a wand of mindburst (10)
 B - a wand of iceblast (10)
Scrolls
 d - 5 scrolls of teleportation
 q - a scroll of enchant armour
 t - 2 scrolls of amnesia
 v - a scroll of butterflies
 A - a scroll of acquirement {unknown}
Potions
 f - 2 potions of attraction
 g - 3 potions of brilliance
 i - a potion of berserk rage {unknown}
 l - 2 potions of mutation {unknown}
 o - 4 potions of curing
 r - a potion of degeneration {unknown}
 s - a potion of lignification
 u - a potion of magic {unknown}
 x - a potion of haste {unknown}
 z - a potion of invisibility {unknown}
Miscellaneous
 c - a piece from Xom's chessboard (15/15)


   Skills:
 - Level 5.0 Fighting
 + Level 15.0 Axes
 + Level 0.5 Throwing
 - Level 5.0 Armour
 + Level 4.2 Dodging
 + Level 0.6 Shields
 - Level 2.0 Unarmed Combat
 + Level 1.4 Evocations


You had 10 spell levels left.
You didn't know any spells.
Your spell library contained the following spells:

 Spells                   Type           Power      Damage    Failure   Level
 Beastly Appendage        Tmut           0%         N/A       36%         1
 Sting                    Tmut/Pois      0%         1d3       36%         1
 Blink                    Tloc           0%         N/A       50%         2
 Cigotuvi's Dreadful Rot  Necr/Pois/Air  0%         N/A       50%         2
 Poisonous Vapours        Pois/Air       0%         N/A       50%         2
 Wereblood                Tmut           0%         N/A       50%         2
 Mephitic Cloud           Conj/Pois/Air  0%         N/A       75%         3
 Spider Form              Tmut/Pois      0%         N/A       75%         3
 Tukima's Dance           Hex            0%         N/A       75%         3
 Manifold Assault         Tloc           0%         N/A       98%         4
 Olgreb's Toxic Radiance  Pois           0%         N/A       98%         4
 Passage of Golubria      Tloc           0%         N/A       98%         4
 Silence                  Hex/Air        0%         N/A       100%        5
 Yara's Violent Unravell  Hex/Tmut       0%         3d3       100%        5
 Storm Form               Tmut/Air       0%         N/A       100%        7
 Lehudib's Crystal Spear  Conj/Erth      0%         10d2      100%        8


Dungeon Overview and Level Annotations

Branches:
Dungeon (11/15)            Temple (1/1) D:7             Orc (0/2) D:10
   Lair: D:8-11

Altars:
Ashenzari
Fedhas
Gozag
Hepliaklqana
Kikubaaqudgha
Makhleb
Nemelex Xobeh
Okawaru
Qazlal
Ru
Sif Muna
Uskayaw
Vehumet
Wu Jian
Yredelemnul
Zin
The Shining One

Shops:
D:2 !**!

Annotations:
D:8 Amaemon
D:10 Urug


Message History

* * * LOW HITPOINT WARNING * * *
Your Axes skill increases to level 15!
You cannot move.
Unknown command.
You hit the gargoyle but do no damage.
Unknown command.
You completely miss the gargoyle.
The gargoyle hurls a stone arrow at you.
The stone arrow hits you but does no damage.
Unknown command.
You slash Urug! You freeze Urug.
Urug is lightly wounded.
You hit the gargoyle but do no damage. Urug barely misses you.
The gargoyle hits you but does no damage.
You feel much better.
The gargoyle hurls a stone arrow at you.
The stone arrow hits you!!
* * * LOW HITPOINT WARNING * * *
Urug hits you but does no damage.
You feel much better. The gargoyle hits you with a +0 mace.
Urug hits you with a +6 eveningstar!
* * * LOW HITPOINT WARNING * * *
Unknown command.
You feel much better. Urug hits you with a +6 eveningstar!!
* * * LOW HITPOINT WARNING * * *
The gargoyle hits you but does no damage.
You hit Urug. You freeze Urug.
Urug is moderately wounded.
You hit the gargoyle but do no damage. Urug completely misses you.
The gargoyle hurls a stone arrow at you.
The stone arrow hits you!
* * * LOW HITPOINT WARNING * * *
You barely miss Urug.
Urug is moderately wounded.
You barely miss the gargoyle.
Unknown command.
You slash Urug! You freeze Urug.
Urug is heavily wounded.
You hit the gargoyle but do no damage. Urug hits you with a +6 eveningstar!!
You die...

.. ... ##. #.#
.# #...#.# .#
##.>.#.###.###.
#....#........#
#.............#
#....9o.......[
#.....♣†......#
#.}..○†>.......
#####.........#
#.........#
#.........#
#.........#
#...#######
#...# ##.>#


You could see Urug and a gargoyle.

Vanquished Creatures
  A cyclops (D:11)
  A gargoyle (D:11)
  Prince Ribbit (D:7)
  Sigmund (D:6)
  18 yaks
  3 vampire mosquitoes (D:11)
  Menkaure (D:6)
  4 wargs (D:10)
  An acid dragon (D:11)
  An orc warrior (D:8)
  3 black bears
  2 ice beasts (D:6)
  3 ogres
  A centaur (D:11)
  A kobold brigand (D:7)
  A phantom (D:7)
  2 bullfrogs
  4 scorpions
  7 wights (D:7)
  4 killer bees (D:9)
  3 orc priests
  A jelly (D:5)
  6 iguanas
  4 orc wizards
  Robin (D:3)
  A gnoll (D:4)
  10 adders
  A shadow imp (D:6)
  2 white imps
  2 ufetubi (D:5)
  3 worms
  3 dart slugs
  11 orcs
  7 endoplasms
  3 giant cockroaches
  13 goblins
  9 hobgoblins
  2 jackals (D:2)
  14 kobolds
  5 quokkas
  8 ball pythons
  5 bats
  6 frilled lizards
  3 rats
183 creatures vanquished.

Vanquished Creatures (others)
  2 plants (D:2)
2 creatures vanquished.

Grand Total: 185 creatures vanquished

Notes
Turn   | Place    | Note
-------+----------+-------------------------------------------
     0 | D:1      | Manisia the Human Wanderer began the quest for the Orb.
     0 | D:1      | Manisia set off with the following items: a +0 war axe, a
                  | potion of curing, a piece from Xom's chessboard (15/15), a
                  | scroll of teleportation, a +0 leather armour.
     0 | D:1      | Reached XP level 1. HP: 13/13 MP: 1/1
   123 | D:1      | Reached XP level 2. HP: 15/19 MP: 2/2
   230 | D:1      | Found a faded altar of an unknown god.
   408 | D:1      | Reached XP level 3. HP: 23/24 MP: 3/3
   638 | D:2      | Found a glowing silver altar of Zin.
   755 | D:2      | Found Jett's Distillery.
   857 | D:2      | Reached XP level 4. HP: 25/27 MP: 4/4
   944 | D:2      | Found Gyemaf's Assorted Antiques.
  1090 | D:2      | Reached skill level 6 in Axes
  1270 | D:2      | Found Viceq's Assorted Antiques.
  1270 | D:2      | Found Qopusoop's Distillery.
  1316 | D:2      | Found Avvun's Antique Weapon Shop.
  1758 | D:3      | Reached skill level 1 in Fighting
  1761 | D:3      | Identified the +1 helmet of the Skies Above {Int+5}
  1761 | D:3      | Noticed Robin
  1777 | D:3      | Killed Robin
  1778 | D:3      | Reached XP level 5. HP: 29/37 MP: 5/5
  2355 | D:3      | Reached XP level 6. HP: 19/43 MP: 6/6
  2587 | D:4      | Noticed an ogre
  2591 | D:4      | Killed an ogre
  2592 | D:4      | Reached skill level 7 in Axes
  3022 | D:4      | Reached XP level 7. HP: 28/50 MP: 7/7
  3489 | D:5      | Entered Level 5 of the Dungeon
  3491 | D:5      | Found a radiant altar of Vehumet.
  3539 | D:5      | Identified the +6 chain mail of Darkness {+Blink rPois MP+9
                  | Dex-5}
  3694 | D:5      | Found a broken altar of Ashenzari.
  3788 | D:5      | Reached skill level 8 in Axes
  3873 | D:5      | Reached XP level 8. HP: 20/57 MP: 8/8
  4547 | D:6      | Noticed Menkaure
  4556 | D:6      | Killed Menkaure
  4694 | D:6      | Noticed Sigmund
  4702 | D:6      | Killed Sigmund
  4703 | D:6      | Reached skill level 9 in Axes
  4767 | D:6      | Reached XP level 9. HP: 60/65 MP: 9/9
  4942 | D:6      | Found a hazy altar of Hepliaklqana.
  5499 | D:7      | Reached skill level 5 in Fighting
  5499 | D:7      | Reached skill level 10 in Axes
  5499 | D:7      | Reached skill level 5 in Armour
  5736 | D:7      | Found a staircase to the Ecumenical Temple.
  5801 | Temple   | Entered the Ecumenical Temple
  6101 | Temple   | Became a worshipper of Qazlal Stormbringer
  6286 | D:7      | Noticed Prince Ribbit
  6293 | D:7      | Killed Prince Ribbit
  6294 | D:7      | Reached skill level 11 in Axes
  6562 | D:7      | Reached XP level 10. HP: 42/74 MP: 10/10
  6570 | D:7      | Reached skill level 12 in Axes
  6883 | D:7      | Reached skill level 13 in Axes
  7105 | D:8      | Reached * piety under Qazlal
  7130 | D:8      | Noticed an orange demon
  7131 | D:8      | Noticed Amaemon
  7426 | D:9      | You fall into a shaft and drop 2 floors!
  7429 | D:11     | Noticed a gargoyle
  7434 | D:11     | Killed a gargoyle
  7677 | D:11     | Noticed a cyclops
  7681 | D:11     | Reached skill level 14 in Axes
  7681 | D:11     | Reached XP level 11. HP: 54/79 MP: 11/11
  7703 | D:11     | Killed a cyclops
  7748 | D:10     | Entered Level 10 of the Dungeon
  7748 | D:10     | Found a staircase to the Orcish Mines.
  7754 | D:10     | Noticed Urug
  7761 | D:10     | Reached ** piety under Qazlal
  7762 | D:10     | Reached skill level 15 in Axes
  7770 | D:10     | Mangled by Urug

Illustrated notes

Levels and vault maps discovered:
D:1:      nzn_arrival_depleted_hourglass, layout_rooms,
          hellmonk_ecumenical_altar_blasted
D:2:      layout_basic, serial_shops, nicolae_shop_overgrown_old_shop,
          nicolae_shop_trees, nicolae_shop_statue_plus, nicolae_square_shop,
          nicolae_square_shop, basic_altar, serial_park_tiny_1
D:3:      layout_basic, dk_vineyard_3, uniq_robin
D:4:      minmay_chambers_of_fours, layout_basic
D:5:      layout_gridville, ashenzari_altar_1, mainiacjoe_overflow_tiny_flanked,
          amethyst_killhole, minivault_23, grunt_decor_cap
D:6:      layout_basic, mainiacjoe_overflow_surrounded_room, uniq_sigmund,
          uniq_menkaure
D:7:      layout_basic, minmay_temple_entry_drinking_statues,
          serial_corexii_hall, corexii_hall_statues_t, chequers_hall_statues_y,
          corexii_hall_statues_t, corexii_hall_statues_deadend,
          uniq_prince_ribbit1
D:8:      layout_rooms, nicolae_elyvilon_peaceful_grove,
          mainiacjoe_overflow_catwalk, uniq_amaemon
D:9:      layout_loops_ring, chei_slow_surprise, lair_entry_dummy, minivault_14
D:10:     layout_rooms, nicolae_dithmenos_the_darkroom,
          mainiacjoe_overflow_cross_hatched, minmay_orc_entry_guard_dogs,
          minmay_statues_item, uniq_urug, uniq_lodul
D:11:     layout_basic, led_sif_pool
Temple:   dpeg_chambers_temple

Skill      XL: |  1  2  3  4  5  6  7  8  9 10 11 |
---------------+----------------------------------+-----
Axes           | 6 7 8 9 11 14 15 | 15.0
Fighting       | 1 2 4 5 |  5.0
Armour         | 2 3 4 5 |  5.0
Dodging        | 2 3 4 |  4.2
Throwing       | |  0.5
Shields        | |  0.6
Unarmed Combat | |  2.0
Evocations     | |  1.4

Action                   |  1- 3 |  4- 6 |  7- 9 | 10-12 || total
-------------------------+-------+-------+-------+-------++-------
Melee: War axe           |    81 |   142 |   243 |   150 ||   616
       Punch             |       |     2 |     1 |     2 ||     5
Throw: Stone             |     2 |     5 |     1 |       ||     8
Evoke: Piece from Xom's  |     1 |       |       |       ||     1
       Wand              |       |       |     1 |     2 ||     3
  Use: Scroll            |     4 |     6 |     6 |     1 ||    17
       Potion            |     1 |       |       |     7 ||     8
Armor: Leather armour    |    19 |    13 |       |       ||    32
       Chain mail        |       |    49 |   159 |    82 ||   290
       Skin              |       |       |       |    10 ||    10
Dodge: Dodged            |    44 |    67 |    99 |    88 ||   298
Block: Other             |       |       |       |    10 ||    10

Table legend: (Time is in decaauts)
 A = Elapsed time spent in this place.
 B = Non-inter-level travel time spent in this place.
 C = Inter-level travel time spent in this place.
 D = Time resting spent in this place.
 E = Time spent auto-exploring this place.
 F = Levels seen in this place.
 G = Mean time per level.
                   A        B        C        D        E       F      G
               +--------+--------+--------+--------+--------+-----+--------+
         Total |   7801 |   7217 |    584 |    791 |   5013 |  12 |  650.1 |
       Dungeon |   7488 |   7012 |    476 |    791 |   4822 |  11 |  680.7 |
        Temple |    313 |    205 |    108 |      0 |    191 |   1 |  313.0 |
               +--------+--------+--------+--------+--------+-----+--------+

Top non-repeatable levels by time:
     D:7: 1543 daAuts
     D:5: 1008 daAuts
     D:2: 990 daAuts
     D:3: 987 daAuts
     D:6: 928 daAuts
     D:4: 912 daAuts
     D:1: 648 daAuts
  Temple: 313 daAuts
    D:11: 309 daAuts
     D:8: 93 daAuts
     D:9: 47 daAuts
    D:10: 18 daAuts
